 Dungeon Crawl Stone Soup version 0.31-a0-1612-g4aaf141004 (webtiles) character file.

Game seed: 9289333070876801915

1601798 seandewar5 the Conqueror (level 27, 106/249 HPs)
             Began as a Merfolk Gladiator on Jan 9, 2024.
             Was a Believer of Yredelemnul.
             Escaped with the Orb
             ... and 3 runes!
             The game lasted 05:27:06 (82210 turns).

seandewar5 the Conqueror (Merfolk Gladiator)       Turns: 82210, Time: 05:27:07

Health: 106/249    AC: 44    Str: 40    XL:     27
Magic:  37/37      EV: 18    Int:  7    God:    Yredelemnul [**....]
Gold:   8374       SH:  5    Dex: 12    Spells: 26/26 levels left

rFire   + + +        a - +9 bardiche (spect)
rCold   + + +        (shield currently unavailable)
rNeg    + + .        s - +8 orange crystal plate armour {Archmagi, Int+3 Clar}
rPois   +            c - +2 helmet
rElec   +            k - scarf {rC+ rF+}
rCorr   +            o - +1 pair of gloves "Douxe" {Will++ Int-4}
SInv    .            w - +1 pair of boots "Feisehun" {rN++ Str+8 Dex-5}
Will    ++++.        U - amulet of reflection Stlth
                     t - ring of the Endless Expanse {rElec rPois rC+ Str+6 Slay-2}
HPRegen 0.61/turn    O - ring of protection from fire
MPRegen 0.25/turn

%: reflection, clarity, archmagi
@: mighty, resistant (expiring), studying 2 skills
A: (nimble swimmer 2), mertail, clarity
0: Orb of Zot
}: 3/15 runes: decaying, serpentine, silver
a: Renounce Religion, Recall Undead Harvest, Dark Bargain


You escaped.
You worshipped Yredelemnul.
Yredelemnul was greatly pleased with you.
You visited 11 branches of the dungeon, and saw 51 of its levels.
You visited the Abyss 2 times.
You also visited: Trove and Wizlab.

You collected 12740 gold pieces.
You spent 4366 gold pieces at shops.

Inventory:

Hand Weapons
 a - a +9 spectral bardiche (weapon)
 b - a +5 demon trident of electrocution
Missiles
 y - 11 curare-tipped darts (quivered)
 X - 10 javelins
Armour
 c - a +2 helmet (worn)
 j - the +8 scale mail of Pragmatism {rElec Regen+ Stlth+}
   (You found it on level 14 of the Dungeon)

   rElec:     It insulates you from electricity.
   Regen+:    It increases your rate of health regeneration.
   Stlth+:    It makes you more stealthy.
 k - a scarf of resistance (worn)
 o - the +1 pair of gloves "Douxe" (worn) {Will++ Int-4}
   (You bought it in a shop on level 1 of the Orcish Mines)

   Int-4:     It affects your intelligence (-4).
   Will++:    It greatly increases your willpower.
 p - a +2 cloak
 s - the +8 orange crystal plate armour (worn) {Archmagi, Int+3 Clar}
   (You found it on level 3 of the Crypt)

   Int+3:     It affects your intelligence (+3).
   Clar:      It protects you from confusion, rage, mesmerisation and fear.
 w - the +1 pair of boots "Feisehun" (worn) {rN++ Str+8 Dex-5}
   (You bought it in a shop on level 6 of the Dungeon)

   Str+8:     It affects your strength (+8).
   Dex-5:     It affects your dexterity (-5).
   rN++:      It greatly protects you from negative energy.
Jewellery
 g - a ring of see invisible
 t - the ring of the Endless Expanse (left hand) {rElec rPois rC+ Str+6 Slay-2}
   (You took it off a yaktaur on level 4 of the Vaults)

   [ring of strength]

   Str+6:     It affects your strength (+6).
   Slay-2:    It affects your accuracy & damage with ranged weapons and melee
   (-2).
   rC+:       It protects you from cold.
   rElec:     It insulates you from electricity.
   rPois:     It protects you from poison
 x - a ring of resist corrosion
 z - a ring of protection from cold
 I - a ring of flight
 O - a ring of protection from fire (right hand)
 U - an amulet of reflection (around neck)
 Y - a ring of poison resistance
Wands
 f - a wand of paralysis (31)
 q - a wand of mindburst (35)
 B - a wand of digging (2)
 D - a wand of roots (34)
 K - a wand of light (16)
 P - a wand of flame (122)
 V - a wand of polymorph (16)
Scrolls
 e - 5 scrolls of fog
 i - 5 scrolls of vulnerability
 l - 3 scrolls of torment
 r - 4 scrolls of silence {!r}
 v - 3 scrolls of blinking
 C - 6 scrolls of poison {!r}
 E - 5 scrolls of fear
 F - 6 scrolls of enchant armour
 T - 2 scrolls of butterflies
 W - 8 scrolls of immolation
 Z - 13 scrolls of teleportation {!r}
Potions
 d - 8 potions of lignification
 h - 5 potions of ambrosia {!q}
 n - 14 potions of curing
 u - 7 potions of mutation
 A - a potion of cancellation {!q}
 G - a potion of might
 H - 6 potions of enlightenment
 L - 8 potions of attraction
 M - 10 potions of heal wounds
 N - 5 potions of resistance
 Q - 3 potions of haste
 S - 5 potions of magic
Miscellaneous
 m - a phantom mirror
 J - a phial of floods


   Skills:
 O Level 27 Fighting
 O Level 27 Polearms
 - Level 10.0 Throwing
 + Level 20.2 Armour
 O Level 27 Dodging
 - Level 7.1 Stealth
 - Level 21.8 Invocations
 - Level 17.6 Evocations


You had 26 spell levels left.
You didn't know any spells.
Your spell library contained the following spells:

 Spells                   Type           Power      Damage    Failure   Level
 Apportation              Tloc           0%         N/A       95%         1
 Freeze                   Ice            0%         1d3       95%         1
 Kiss of Death            Conj/Necr      0%         2d5       95%         1
 Necrotise                Necr           0%         1d4       95%         1
 Sandblast                Erth           0%         2d4       95%         1
 Shock                    Conj/Air       0%         1d3       95%         1
 Slow                     Hex            0%         N/A       95%         1
 Sting                    Conj/Alch      0%         1d3       95%         1
 Summon Small Mammal      Summ           0%         N/A       95%         1
 Cigotuvi's Dreadful Rot  Necr/Alch/Air  0%         N/A       99%         2
 Ensorcelled Hibernation  Hex/Ice        0%         N/A       99%         2
 Jinxbite                 Hex            0%         N/A       99%         2
 Mercury Vapours          Alch/Air       0%         N/A       99%         2
 Scorch                   Fire           0%         2d5       99%         2
 Searing Ray              Conj           0%         2d4       99%         2
 Static Discharge         Conj/Air       0%         3-3/arc   99%         2
 Sublimation of Blood     Necr           0%         N/A       99%         2
 Call Canine Familiar     Summ           0%         N/A       100%        3
 Confusing Touch          Hex            0%         N/A       100%        3
 Fugue of the Fallen      Necr           0%         N/A       100%        3
 Inner Flame              Hex/Fire       0%         N/A       100%        3
 Mephitic Cloud           Conj/Alch/Air  0%         N/A       100%        3
 Ozocubu's Armour         Ice            0%         N/A       100%        3
 Passwall                 Erth           0%         N/A       100%        3
 Sigil of Binding         Hex            0%         N/A       100%        3
 Stone Arrow              Conj/Erth      0%         3d7       100%        3
 Swiftness                Air            0%         N/A       100%        3
 Tukima's Dance           Hex            0%         N/A       100%        3
 Vampiric Draining        Necr           0%         2d6       100%        3
 Volatile Blastmotes      Fire/Tloc      0%         2d10      100%        3
 Airstrike                Air            0%         2d(0-16)  100%        4
 Anguish                  Hex/Necr       0%         N/A       100%        4
 Animate Armour           Summ/Erth      0%         N/A       100%        4
 Brom's Barrelling Bould  Conj/Erth      0%         2d3       100%        4
 Dimensional Bullseye     Hex/Tloc       0%         N/A       100%        4
 Dispel Undead            Necr           0%         3d6       100%        4
 Flame Wave               Conj/Fire      0%         2d4       100%        4
 Fulminant Prism          Conj/Alch      0%         3d5       100%        4
 Ignite Poison            Fire/Alch      0%         N/A       100%        4
 Iskenderun's Mystic Bla  Conj/Tloc      0%         2d3       100%        4
 Manifold Assault         Tloc           0%         N/A       100%        4
 Martyr's Knell           Necr/Summ      0%         N/A       100%        4
 Petrify                  Alch/Erth      0%         N/A       100%        4
 Sticky Flame             Fire/Alch      0%         2d4       100%        4
 Summon Blazeheart Golem  Fire/Summ      0%         N/A       100%        4
 Summon Lightning Spire   Summ/Air       0%         N/A       100%        4
 Vhi's Electric Charge    Tloc/Air       0%         N/A       100%        4
 Arcjolt                  Conj/Air       0%         1d10      100%        5
 Borgnjor's Vile Clutch   Necr/Erth      0%         N/A       100%        5
 Curse of Agony           Necr           0%         N/A       100%        5
 Freezing Cloud           Conj/Ice/Air   0%         6-21      100%        5
 Irradiate                Conj/Alch      0%         3d11      100%        5
 Iskenderun's Battlesphe  Conj           0%         2d6       100%        5
 Lee's Rapid Deconstruct  Erth           0%         3d4*      100%        5
 Metabolic Englaciation   Hex/Ice        0%         N/A       100%        5
 Summon Forest            Summ/Tloc      0%         N/A       100%        5
 Yara's Violent Unravell  Hex/Alch       0%         3d3       100%        5
 Bombard                  Conj/Erth      0%         9d1       100%        6
 Conjure Ball Lightning   Conj/Air       0%         3x3d6     100%        6
 Eringya's Noxious Bog    Alch           0%         4d6       100%        6
 Plasma Beam              Fire/Air       0%         2x1d10    100%        6
 Sculpt Simulacrum        Ice/Alch       0%         N/A       100%        6
 Starburst                Conj/Fire      0%         6d3       100%        6
 Summon Cactus Giant      Summ           0%         N/A       100%        6
 Enfeeble                 Hex            0%         N/A       100%        7
 Orb of Destruction       Conj           0%         9d5       100%        7
 Ozocubu's Refrigeration  Ice            0%         4d7       100%        7
 Spellforged Servitor     Conj/Summ      0%         N/A       100%        7
 Summon Hydra             Summ           0%         N/A       100%        7
 Discord                  Hex            0%         N/A       100%        8
 Disjunction              Tloc           0%         N/A       100%        8
 Ignition                 Fire           0%         3d3       100%        8
 Infestation              Necr           0%         N/A       100%        8
 Lehudib's Crystal Spear  Conj/Erth      0%         10d2      100%        8
 Maxwell's Capacitive Co  Air            0%         ∞         100%        8
 Animate Dead             Necr           Unusable   N/A       N/A         4
 Death Channel            Necr           Unusable   N/A       N/A         6

Dungeon Overview and Level Annotations

Branches:
Dungeon (15/15)            Temple (1/1) D:7            Lair (5/5) D:8
  Swamp (4/4) Lair:2        Snake (4/4) Lair:3        Slime (0/5) Lair:4
    Orc (2/2) D:12            Elf (3/3) Orc:2        Vaults (5/5) D:13
  Crypt (3/3) Vaults:3       Tomb (0/3) Crypt:3      Depths (4/4) D:15
    Zot (5/5) Depths:4     WizLab (visited)

Altars:
Ashenzari
Cheibriados
Dithmenos
Elyvilon
Fedhas
Gozag
Hepliaklqana
Kikubaaqudgha
Makhleb
Nemelex Xobeh
Okawaru
Qazlal
Ru
Sif Muna
Trog
Uskayaw
Vehumet
Wu Jian
Xom
Yredelemnul
Zin
The Shining One
Jiyva

Shops:
D:6 [   Orc:1 **[   Orc:2 =(*[   Elf:2 (   Snake:3 [   Snake:4 (   Vaults:5 (
Zot:2 *   Depths:4 !

Portals:
Hell: Depths:1 Depths:2 Depths:3
Abyss: Zot:3 Depths:3
Pandemonium: Depths:1 Depths:2
Ziggurat: Depths:1

Annotations:
D:3 1 runed translucent door, Crazy Yiuf
D:6 2 runed translucent doors, exclusion: downstairs, peterlawrence's ghost, novice MiFi
D:11 exclusion: downstairs
D:14 exclusion: downstairs
Lair:1 exclusions: downstairs and electric eel
Lair:5 exclusion: oklob plant
Swamp:3 exclusions: downstairs, oklob plant and oklob sapling
Snake:2 1 transporter
Crypt:2 1 runed translucent door, Juymismo's ghost, legendary GrBe
Depths:4 3 runed translucent doors, Atiunar's ghost, master TrDe
Zot:3 2 transporters, Lioda's ghost, legendary MiBe


Innate Abilities, Weirdness & Mutations

((You are very nimble when in or above water. (Stealth+, EV+, Speed+++)))
Your lower body shifts to a powerful aquatic tail in water.
You possess an exceptional clarity of mind.


Message History

Okay, then.
Unknown command.
Press: ? - help, v - describe, . - travel
Here: Fusus, armed with a chaotic touch (almost dead, ally target)
The floor, spattered with blood.
Unknown command.
Unknown command.
Unknown command.
Blink to where?
Press: ? - help, Dir - move target, f - you
Okay, then.
Unknown command.
Unknown command.
Okay, then.
Unknown command.
Unknown command.
Unknown command.
Unknown command.
Blink to where?
Press: ? - help, Dir - move target
As you read the scroll of blinking, it crumbles to dust.
Parghit closely misses Fusus.
Parghit claws Fusus!!
Fusus dies!
Your life force feels restored.
You feel much better.
Parghit bites the ufetubus!!
The ufetubus dies!
The ufetubus disappears in a puff of smoke!
Your limbs are stiffening.
You feel better.
Parghit bites the ynoxinul!!
The ynoxinul dies!
You have turned to stone.
You feel less fragile.
You turn to flesh and can move again.
Okay, then.
Your extra speed is starting to run out.
You feel yourself slow down.
You start to feel less resistant.
There is an open door here.
There is a staircase leading out of the dungeon here.
You have escaped!

#..#####.#####.# #...
#..#...#.#...#.# ##...
#..#.>.#.'...#.###....
#^.#...#.#...#.##.....
#..##'##.#####..#÷....
#.................###.
#..#####.##'##........
#..#...#.#...#....#.#.
#..#.@Z'.#...#..###.##
##.#...#.#...#......#
#.#####.#####.#.####
#.............#.#
#####...........#
#############


You could see the friendly Parghit the bound troll.

Vanquished Creatures
  4 dread liches
  6 ancient liches
  3 orbs of fire
  Xtahua (Crypt:3)
  A pandemonium lord (Depths:3)
  Bai Suzhen (Swamp:4)
  Boris (twice) (Depths:4 Vaults:5)
  2 antique champions (WizLab)
  Saint Roka (Orc:2)
  Margery (Vaults:2)
  2 caustic shrikes (Depths:2)
  5 Killer Klowns (Zot:5)
  Vashnia (Snake:4)
  5 golden dragons
  A profane servitor (D:6)
  2 curse toes
  A bone dragon (Depths:2)
  A Brimstone Fiend (D:10)
  2 electric golems (Zot:5)
  A Tzitzimitl (Depths:1)
  17 tentacled monstrosities
  2 Hell Sentinels
  Mlioglotl (Snake:3)
  Jorgrun (Orc:1)
  An Ice Fiend (D:2)
  7 quicksilver dragons
  19 Orb Guardians
  6 liches
  2 sphinxes
  A walking divine tome (Depths:2)
  2 deep elf master archers (Elf:3)
  A searing wretch (Vaults:2)
  6 titans (Vaults:5)
  3 ancient champions (WizLab)
  4 death cobs
  9 storm dragons
  Aizul (Snake:4)
  5 tengu reavers
  4 thorn hunters (Swamp:3)
  14 shadow dragons
  2 revenants (Crypt:3)
  12 draconian monks
  2 fire giants (Depths:3)
  7 protean progenitors
  6 draconian knights
  3 nagarajas
  4 draconian shifters
  6 deep elf sorcerers
  2 iron dragons
  10 frost giants
  2 balrugs
  7 draconian scorchers
  14 vault wardens
  3 spectral caustic shrikes (Depths:1)
  3 ghost moths
  A curse skull (Crypt:3)
  A demonspawn corrupter (D:10)
  5 deep elf elementalists (Elf:3)
  A caustic shrike zombie (Crypt:3)
  A juggernaut zombie (WizLab)
  19 ironbound preservers
  4 angels (Zot:4)
  2 orc warlords
  5 ghouls
  5 spriggan defenders
  8 draconian annihilators
  A formless jellyfish (Vaults:2)
  2 draconian stormcallers
  15 stone giants
  12 very ugly things
  14 vampire knights
  3 ironbound thunderhulks
  12 black draconians
  9 deep elf death magi
  4 deep elf demonologists
  6 deep elf annihilators
  7 green draconians
  2 lorocyprocas (Abyss:2)
  12 white draconians
  3 spark wasps
  21 red draconians
  9 yellow draconians
  6 demonspawn black suns
  An eleionoma (Swamp:2)
  7 war gargoyles
  11 purple draconians
  3 bunyips
  3 dire elephants
  4 eidola
  4 fire dragons
  A shambling mangrove (Swamp:3)
  9 jiangshi
  9 ettins
  2 crystal guardians
  Josephine (Lair:5)
  3 spriggan zombies
  8 great orbs of eyes
  3 peacekeepers
  13 yaktaur captains
  3 ghost crabs
  A hell beast (Depths:2)
  7 rakshasas
  3 salamander tyrants (Snake:4)
  11 ironbound frosthearts
  2 deep elf high priests
  28 vault guards
  17 hydras
  3 spriggan air magi (Depths:4)
  5 ice dragons
  6 anacondas
  3 catoblepae
  5 alligators
  7 two-headed ogres
  12 centaur warriors
  11 naga warriors
  A juggernaut simulacrum (WizLab)
  2 ogre magi
  16 dancing weapons
  3 death knights
  4 death yaks (Lair:5)
  2 tengu warriors
  7 boulder beetles
  An entropy weaver (shapeshifter) (Vaults:5)
  A demonic crawler (D:15)
  3 deep troll earth magi
  4 thrashing horrors (Abyss:2)
  8 vampire magi
  A deep troll shaman (Depths:4)
  6 shock serpents
  5 soul eaters
  An orc high priest (Orc:1)
  4 naga sharpshooters
  An occultist (D:12)
  3 storm dragon zombies (WizLab)
  6 spriggan berserkers
  19 deep elf knights
  3 hell knights
  3 iron trolls
  An iron giant zombie (Crypt:2)
  5 skeletal warriors
  A death drake (Depths:4)
  2 skysharks
  A golden dragon zombie (WizLab)
  5 goliath frogs
  2 shadow wraiths (Crypt:3)
  7 salamander mystics
  45 deep trolls
  14 flayed ghosts
  A sixfirhy (Depths:1)
  A spriggan rider (Swamp:2)
  A glowing orange brain (shapeshifter) (Vaults:5)
  A spark wasp zombie (Depths:3)
  A cherub (D:15)
  2 deep trolls (shapeshifter)
  3 glowing orange brains
  5 mana vipers
  3 spriggan druids
  An anaconda zombie (Abyss:2)
  2 arcanists
  3 bog bodies
  19 ironbound convokers
  A lindwurm (shapeshifter) (Zot:4)
  12 deep elf archers
  6 lindwurms
  5 swamp dragons
  11 large abominations
  A golden dragon skeleton (WizLab)
  A bunyip skeleton (Crypt:1)
  14 deep elf zephyrmancers
  6 orc knights
  A shadow dragon zombie (Crypt:1)
  Pikel (D:7)
  3 necromancers
  3 orc sorcerers
  22 phantasmal warriors
  25 ugly things
  An iron dragon zombie (Crypt:1)
  24 deep elf pyromancers
  A stone giant zombie (WizLab)
  10 harpies
  3 will-o-the-wisps
  A wolf spider (Vaults:5)
  17 salamanders
  19 moths of wrath
  A naga zombie (Crypt:3)
  A salamander (shapeshifter) (Vaults:5)
  4 cyclopes
  3 manticores (Lair:5)
  An eleionoma skeleton (Crypt:1)
  8 guardian serpents
  25 vault sentinels
  18 black mambas
  4 kobold blastminers
  A centaur skeleton (Crypt:1)
  3 smoke demons
  An elephant (Lair:2)
  10 cane toads
  10 naga magi
  An unseen horror (D:9)
  Joseph (D:7)
  6 gargoyles
  An orc skeleton (Crypt:3)
  A kobold demonologist (D:10)
  2 rime drakes
  7 freezing wraiths
  23 yaktaurs
  2 efreet
  3 komodo dragons
  5 tengu conjurers
  A redback zombie (Crypt:1)
  A hydra zombie (Crypt:3)
  A white draconian skeleton (Crypt:2)
  2 ancient zymes (Abyss:2)
  A burning bush (Lair:1)
  5 hellwings
  A harpy zombie (Crypt:1)
  3 trolls
  A pale draconian skeleton (Crypt:1)
  3 tyrant leeches
  6 blink frogs
  A death drake skeleton (Crypt:2)
  8 hornets
  An ettin zombie (Crypt:1)
  8 raiju (Abyss:2)
  A glass eye (Depths:2)
  Sigmund (D:3)
  31 slime creatures
  6 fire dragon skeletons (Crypt:3)
  6 shadows (Crypt:3)
  2 air elementals
  A ynoxinul (Depths:3)
  4 spriggans
  9 vampires
  7 wraiths
  4 wyverns
  A basilisk (Lair:2)
  22 fire elementals
  38 yaks
  4 water elementals
  An ettin skeleton (Crypt:1)
  18 vampire mosquitoes
  5 wargs
  2 neqoxecs (Abyss:2)
  A redback (Vaults:5)
  Menkaure (D:5)
  2 steam dragons
  7 chaos spawn
  16 swamp worms
  21 nagas
  2 acid dragons (D:12)
  2 naga skeletons
  Duvessa (D:5)
  A hell hound (D:14)
  3 water moccasins
  29 orc warriors
  3 sky beasts (D:9)
  A meliai simulacrum (D:12)
  3 swamp drakes
  A cane toad skeleton (Crypt:1)
  16 laughing skulls
  A black bear (D:6)
  7 ice beasts
  A swamp dragon zombie (WizLab)
  2 small abominations (Abyss:2)
  7 ogres
  A boggart (shapeshifter) (D:12)
  15 wolves
  5 boggarts
  A swamp dragon skeleton (WizLab)
  16 centaurs
  An elephant skeleton (Crypt:1)
  A lemure (D:7)
  A kobold brigand (D:9)
  2 weeping skulls (Abyss:2)
  A rime drake skeleton (Crypt:2)
  A necrophage (D:5)
  A gnoll sergeant (D:10)
  11 bullfrogs
  A deep troll simulacrum (WizLab)
  6 scorpions
  2 two-headed ogre simulacra (WizLab)
  4 earth elementals
  2 jellies
  5 wights (D:9)
  A cyclops skeleton (WizLab)
  2 swamp dragon simulacra (WizLab)
  10 killer bees
  A shapeshifter skeleton (Crypt:1)
  6 spriggan skeletons (D:14)
  A troll skeleton (D:14)
  8 howler monkeys
  5 electric eels
  2 hounds (D:7)
  A bullfrog zombie (Crypt:2)
  5 bombardier beetles
  22 orc priests
  2 gnoll boudas
  A cyclops simulacrum (WizLab)
  A boggart zombie (Crypt:2)
  2 iguanas (D:4)
  A sleepcap (D:5)
  Natasha (thrice) (D:3)
  33 orc wizards
  Ijyb (D:4)
  Terence (D:3)
  A hound skeleton (D:5)
  7 gnolls
  10 adders
  A river rat (D:5)
  3 shadow imps
  A white imp (D:6)
  4 ufetubi
  A jelly zombie (Crypt:1)
  2 ribbon worms (D:2)
  83 orcs
  3 ball pythons
  5 endoplasms
  A giant cockroach (D:4)
  7 goblins
  8 hobgoblins
  6 jackals (D:2)
  2 quokkas
  8 bats
  2 frilled lizards
  6 kobolds
  A kobold skeleton (Crypt:1)
  6 rats
  A rat skeleton (Crypt:1)
  2 aspiring fleshes
1879 creatures vanquished.

Vanquished Creatures (collateral kills)
  A pandemonium lord (D:1)
  A seraph (D:15)
  An orb of fire (Zot:2)
  Boris (twice) (Vaults:4 Depths:1)
  A Killer Klown (Zot:5)
  4 caustic shrikes (Depths:2)
  5 golden dragons
  the Enchantress (Depths:4)
  A hellephant (D:2)
  An electric golem (Zot:5)
  An Ice Fiend (Zot:5)
  6 tentacled monstrosities
  8 Orb Guardians (Zot:5)
  2 deep elf master archers (Elf:3)
  5 sphinxes
  2 quicksilver dragons (Depths:4)
  4 titans
  A walking divine tome (Depths:2)
  A deep elf blademaster (Elf:2)
  3 shadow dragons
  2 death cobs
  5 tengu reavers
  Roxanne (Snake:2)
  4 storm dragons
  6 draconian monks
  2 fire giants
  2 nagarajas (Snake:4)
  3 iron dragons
  2 deep elf sorcerers (Elf:3)
  A spectral caustic shrike (Depths:1)
  2 draconian scorchers
  3 frost giants
  2 draconian shifters
  5 vault wardens
  3 ghost moths
  3 draconian stormcallers
  A deep elf elementalist (Elf:3)
  A cacodemon (D:10)
  A ghoul (Vaults:3)
  3 ironbound thunderhulks
  6 stone giants
  2 broodmothers (Zot:4)
  4 ironbound preservers
  6 spriggan defenders
  9 very ugly things
  4 green draconians
  4 deep elf demonologists (Elf:3)
  A demonspawn black sun (Zot:3)
  3 dire elephants
  4 black draconians
  4 deep elf annihilators (Elf:3)
  A lorocyproca (D:2)
  7 purple draconians
  3 bunyips
  7 red draconians
  2 deep elf death magi
  8 spark wasps
  5 white draconians
  A war gargoyle (Depths:2)
  2 jiangshi (Depths:3)
  A shambling mangrove (Swamp:4)
  4 deep elf high priests
  2 fire dragons
  4 yaktaur captains
  2 spriggan zombies (Depths:3)
  5 ice dragons
  4 spriggan air magi
  9 vault guards (Vaults:5)
  2 great orbs of eyes (Vaults:3)
  3 rakshasas
  An ogre mage (Vaults:5)
  A ghost crab (Swamp:4)
  9 hydras
  3 ironbound frosthearts
  A catoblepas (Lair:5)
  7 alligators
  A jorogumo (Zot:3)
  2 centaur warriors
  2 anacondas
  12 dancing weapons
  2 two-headed ogres (Vaults:5)
  5 deep troll earth magi
  A demonic crawler (D:15)
  8 naga warriors
  5 deep troll shamans
  An occultist (Elf:1)
  4 spriggan berserkers
  3 tengu warriors
  8 naga sharpshooters
  A titan zombie (Vaults:5)
  3 iron trolls
  A hell knight (Vaults:2)
  8 deep elf knights
  A goliath frog (Swamp:2)
  4 mana vipers
  2 death drakes (Depths:4)
  3 spriggan druids
  13 deep trolls
  6 ironbound convokers
  2 arcanists
  2 glowing orange brains
  3 naga ritualists
  3 swamp dragons (Swamp:4)
  A spriggan rider (Swamp:2)
  6 deep elf archers
  2 flayed ghosts
  2 necromancers
  4 orc knights
  16 deep elf zephyrmancers
  A lindwurm (Vaults:1)
  An ugly thing (Depths:3)
  3 phantasmal warriors
  9 deep elf pyromancers
  9 salamanders
  2 cyclopes (D:15)
  A manticore (D:15)
  7 moths of wrath
  2 elephants (Lair:3)
  An elephant (shapeshifter) (Vaults:5)
  12 black mambas
  A rust devil (D:1)
  A vault sentinel (Vaults:5)
  A guardian serpent (Snake:4)
  2 smoke demons
  A cane toad (Lair:3)
  4 naga magi
  An efreet (D:11)
  2 tengu conjurers
  2 komodo dragons
  15 yaktaurs
  A kobold demonologist (D:10)
  A troll (shapeshifter) (D:15)
  A troll (D:15)
  A hellwing (Depths:1)
  7 hornets
  A raiju (Abyss:2)
  A glass eye (Depths:1)
  A black mamba (shapeshifter) (Vaults:5)
  A harpy skeleton (Abyss:2)
  A tyrant leech (Lair:2)
  2 blink frogs (Lair:3)
  A jumping spider (shapeshifter) (Elf:1)
  7 spriggans
  7 slime creatures
  A hog (shapeshifter) (D:14)
  2 ynoxinuls
  7 yaks
  A fire dragon skeleton (Crypt:3)
  2 fire elementals (Zot:2)
  A wyvern (Lair:4)
  2 water elementals
  A basilisk (shapeshifter) (D:10)
  3 wargs
  5 vampire mosquitoes
  A steam dragon (D:9)
  5 swamp worms
  2 hell hounds (D:15)
  A water moccasin (Lair:3)
  10 nagas
  4 orc warriors
  An ice beast (D:8)
  11 swamp drakes
  A laughing skull (D:15)
  A black bear (Lair:4)
  2 ogres (Vaults:5)
  A boggart (Elf:1)
  A centaur (D:14)
  A kobold brigand (D:10)
  A brain worm (shapeshifter) (D:13)
  A bullfrog (D:8)
  An electric eel (D:8)
  A howler monkey (D:9)
  4 orc priests
  2 orc wizards
  17 orcs
  A kobold (D:10)
  An aspiring flesh (Zot:5)
  2 butterflies (Zot:4)
590 creatures vanquished.

Vanquished Creatures (others)
  A spectral ogre (Vaults:3)
  3 spectral tentacled monstrosities
  A caustic shrike zombie (Depths:2)
  2 Killer Klown zombies (Zot:5)
  2 spectral humans
  A bunyip (Swamp:4)
  A very ugly thing zombie (Depths:3)
  A quicksilver dragon zombie (Zot:5)
  An entropy weaver (Vaults:5)
  A great orb of eyes (Vaults:4)
  6 Orb Guardian zombies (Zot:5)
  A sphinx zombie (Depths:3)
  3 spectral protean progenitors
  A spectral efreet (Snake:4)
  A fire dragon zombie (Crypt:3)
  A spectral hydra (Vaults:1)
  4 titan zombies (Vaults:5)
  2 deep elf knights
  A spectral balrug (Depths:2)
  4 storm dragon zombies
  5 spark wasp zombies
  2 bunyip zombies
  An anaconda zombie (Snake:4)
  3 golden dragon zombies
  3 ghost moth zombies
  2 alligator zombies
  6 shadow dragon zombies
  An ugly thing zombie (D:14)
  An iron dragon zombie (Vaults:5)
  16 draconian zombies
  3 frost giant zombies
  3 stone giant zombies
  A black mamba (Snake:4)
  2 shock serpent zombies
  A dire elephant zombie (Vaults:4)
  A mana viper zombie (Snake:4)
  3 spectral rakshasas
  A yaktaur (Vaults:1)
  3 black draconian zombies (Zot:5)
  15 yaktaur zombies
  7 white draconian zombies
  6 swamp worm zombies
  A death yak zombie (Lair:5)
  5 red draconian zombies
  4 green draconian zombies
  4 purple draconian zombies
  A spectral cyclops (D:14)
  A komodo dragon (shapeshifter) (D:12)
  4 hydra zombies
  A redback zombie (Vaults:5)
  A great orb of eyes zombie (D:13)
  2 harpy zombies (Vaults:3)
  A death drake zombie (Depths:4)
  6 moth of wrath zombies
  6 guardian serpent zombies
  3 ice dragon zombies
  A boulder beetle zombie (Zot:1)
  5 ettin zombies
  A spriggan (Depths:4)
  13 black mamba zombies
  9 slime creature zombies
  A spectral hell beast (Depths:2)
  9 spriggan zombies
  A warg (shapeshifter) (Elf:3)
  42 human zombies
  11 deep troll zombies
  3 two-headed ogre zombies (Vaults:5)
  2 cane toad zombies
  A spectral smoke demon (Abyss:2)
  2 manticore zombies (Lair:5)
  6 hornet zombies
  42 elf zombies
  A lindwurm zombie (Vaults:4)
  A hog zombie (D:14)
  A rime drake zombie (D:8)
  A spectral chaos spawn (Abyss:2)
  A warg zombie (Orc:1)
  3 wyvern zombies
  5 salamander zombies
  A cyclops zombie (D:15)
  A hell hound zombie (D:15)
  A water moccasin zombie (Lair:4)
  19 naga zombies
  8 tengu zombies
  3 raiju zombies (Abyss:2)
  8 yak zombies
  A troll zombie (D:15)
  2 wolf zombies (Lair:1)
  10 centaur zombies
  3 bullfrog zombies
  A black bear zombie (Lair:4)
  A boggart zombie (Vaults:1)
  3 killer bee zombies (D:9)
  3 ice beast zombies (D:8)
  A sky beast zombie (D:9)
  4 ogre zombies
  2 kobold zombies
  2 howler monkey zombies
  A gnoll (D:10)
  4 swamp drake zombies
  A steam dragon zombie (D:9)
  A gnoll zombie (D:10)
  41 orc zombies
  A spectral ufetubus (Abyss:2)
  15 foxfires
  A lurking horror (Abyss:2)
  86 spectral weapons
  2 starspawn tentacles (Abyss:2)
553 creatures vanquished.

Grand Total: 3022 creatures vanquished

Notes
Turn   | Place    | Note
-------+----------+-------------------------------------------
     0 | D:1      | seandewar5 the Merfolk Gladiator began the quest for the
                  | Orb.
     0 | D:1      | Reached XP level 1. HP: 16/16 MP: 1/1
   224 | D:1      | Reached XP level 2. HP: 23/23 MP: 2/2
  1155 | D:2      | Reached skill level 5 in Polearms
  1180 | D:2      | Reached XP level 3. HP: 25/28 MP: 3/3
  1443 | D:2      | Found a faded altar of an unknown god.
  1685 | D:2      | Reached XP level 4. HP: 35/35 MP: 4/4
  1990 | D:3      | Noticed a scorpion
  2002 | D:3      | Killed a scorpion
  2003 | D:3      | Reached XP level 5. HP: 30/41 MP: 5/5
  3243 | D:3      | Noticed Natasha
  3309 | D:3      | Killed Natasha
  3310 | D:3      | Reached XP level 6. HP: 47/48 MP: 6/6
  3340 | D:3      | Noticed Natasha
  3388 | D:3      | Killed Natasha
  3418 | D:3      | Noticed Sigmund
  3727 | D:4      | Reached skill level 1 in Stealth
  4190 | D:4      | Reached XP level 7. HP: 39/54 MP: 7/7
  4343 | D:4      | Noticed Ijyb
  4377 | D:4      | Killed Ijyb
  4944 | D:4      | Reached skill level 10 in Polearms
  5143 | D:5      | Entered Level 5 of the Dungeon
  5157 | D:5      | Noticed Eustachio
  5159 | D:5      | Eustachio changed into Eustachio the river rat
  5159 | D:5      | Noticed Eustachio
  5164 | D:5      | Killed Eustachio the river rat
  5317 | D:5      | Noticed Menkaure
  5391 | D:5      | Noticed Duvessa
  5391 | D:5      | Noticed Dowan
  5448 | D:5      | Identified the +4 scale mail "Xieceur" {rC- Will+++ Dex+7}
  6002 | D:5      | Reached XP level 8. HP: 37/60 MP: 8/8
  6106 | D:5      | Found a burning altar of Makhleb.
  6377 | D:6      | Found a runed translucent door.
  6602 | D:5      | Dowan changed into Dowan the howler monkey
  6602 | D:5      | Noticed Dowan
  6675 | D:5      | Killed Dowan the howler monkey
  6997 | D:6      | Noticed peterlawrence's ghost (novice MiFi)
  7467 | D:6      | Found Sylulure's Antique Armour Shoppe.
  7496 | D:6      | Bought a pair of translucent boots for 218 gold pieces
  7496 | D:6      | Identified the +1 pair of boots "Feisehun" {rN++ Str+8
                  | Dex-5} (You bought it in a shop on level 6 of the Dungeon)
  7702 | D:5      | Found an iron altar of Okawaru.
  7797 | D:5      | Reached XP level 9. HP: 66/66 MP: 9/9
  7817 | D:5      | Killed Duvessa
  8082 | D:5      | Killed Menkaure
  8083 | D:5      | Reached skill level 5 in Fighting
  9020 | D:6      | Found a runed translucent door.
  9256 | D:7      | Noticed Joseph
  9451 | D:6      | Bought a pair of gloves for 103 gold pieces
  9560 | D:7      | Found a staircase to the Ecumenical Temple.
  9566 | D:7      | Noticed Pikel
  9569 | Temple   | Entered the Ecumenical Temple
 10050 | D:7      | Found a hazy altar of Hepliaklqana.
 10090 | D:7      | Killed Joseph
 10091 | D:7      | Reached skill level 15 in Polearms
 10160 | D:7      | Killed Pikel
 10161 | D:7      | Reached XP level 10. HP: 80/80 MP: 10/10
 10534 | D:7      | Found an ancient bone altar of Kikubaaqudgha.
 10738 | D:7      | Found a basalt altar of Yredelemnul.
 10744 | D:7      | Became a worshipper of Yredelemnul the Dark
 10853 | D:7      | Found a glowing silver altar of Zin.
 11092 | D:8      | Reached * piety under Yredelemnul
 11105 | D:8      | Reached ** piety under Yredelemnul
 11118 | D:8      | Found a staircase to the Lair.
 11120 | D:8      | Identified the maw talisman of Marbles {Str+3 Stlth+}
 11248 | D:8      | Found a shimmering altar of Xom.
 11251 | D:8      | Found a white marble altar of Elyvilon.
 11265 | D:8      | Reached skill level 10 in Fighting
 11351 | D:8      | Reached skill level 1 in Invocations
 11364 | D:8      | Reached skill level 1 in Armour
 11408 | D:8      | You fall into a shaft and drop 1 floor!
 11765 | D:9      | Reached XP level 11. HP: 92/92 MP: 13/13
 12457 | D:8      | Found a sparkling altar of Nemelex Xobeh.
 13164 | D:9      | Found a hide-covered altar of Uskayaw.
 13328 | D:3      | Noticed Terence
 13330 | D:3      | Killed Sigmund
 13336 | D:3      | Killed Terence
 13387 | D:3      | Found a runed translucent door.
 13388 | D:3      | Noticed Crazy Yiuf
 13612 | D:9      | Reached skill level 5 in Invocations
 14044 | D:10     | Entered Level 10 of the Dungeon
 14207 | D:10     | Found a snail-covered altar of Cheibriados.
 14426 | D:10     | Reached *** piety under Yredelemnul
 14440 | D:10     | Reached **** piety under Yredelemnul
 14630 | D:10     | Found a blossoming altar of Fedhas.
 14651 | D:10     | Reached ***** piety under Yredelemnul
 15107 | D:10     | Found a bloodstained altar of Trog.
 15210 | D:11     | Noticed a two-headed ogre
 15219 | D:11     | Killed a two-headed ogre
 15329 | D:11     | Noticed a cyclops
 15337 | D:11     | Killed a cyclops
 15338 | D:11     | Reached XP level 12. HP: 102/102 MP: 17/17
 15681 | D:11     | Noticed a two-headed ogre
 15692 | D:11     | Killed a two-headed ogre
 15693 | D:11     | Reached skill level 5 in Armour
 16555 | Lair:1   | Entered Level 1 of the Lair of Beasts
 18213 | Lair:2   | Noticed a seven-headed hydra
 18274 | Lair:2   | Noticed a skyshark
 18281 | Lair:2   | Killed a skyshark
 18537 | Lair:2   | Noticed a six-headed hydra
 18546 | Lair:2   | Reached skill level 1 in Evocations
 18550 | Lair:2   | Killed a three-headed hydra
 18551 | Lair:2   | Reached skill level 10 in Invocations
 18593 | Lair:2   | Noticed a five-headed hydra
 18597 | Lair:2   | Noticed a six-headed hydra
 18600 | Lair:2   | Killed a three-headed hydra
 18607 | Lair:2   | Killed a three-headed hydra
 18608 | Lair:2   | Reached XP level 13. HP: 74/113 MP: 20/20
 18746 | Lair:2   | Found a staircase to the Swamp.
 19532 | Lair:3   | Found a staircase to the Snake Pit.
 20014 | Lair:3   | Reached ****** piety under Yredelemnul
 20946 | Lair:4   | Found a staircase to the Slime Pits.
 20946 | Lair:4   | Found a viscous altar of Jiyva.
 21190 | Lair:5   | Entered Level 5 of the Lair of Beasts
 21407 | Lair:5   | Reached skill level 5 in Dodging
 21474 | Lair:5   | Found a dark tunnel.
 21521 | Lair:5   | Noticed Josephine
 21540 | Lair:5   | Killed Josephine
 22259 | Lair:5   | Reached skill level 5 in Evocations
 22267 | Lair:5   | Your ally Josephine died
 22295 | Lair:5   | Reached XP level 14. HP: 115/121 MP: 22/22
 22299 | Lair:5   | Reached skill level 15 in Fighting
 23110 | Abyss:2  | Cast into level 2 of the Abyss (an occultist)
 23122 | Abyss:2  | Found a corrupted altar of Lugonu.
 23351 | Abyss:2  | Noticed a tentacled starspawn
 23380 | Abyss:2  | Found a corrupted altar of Lugonu.
 23416 | Abyss:2  | Noticed a reaper
 23671 | Abyss:2  | Killed a lorocyproca
 23851 | Abyss:2  | Noticed an Executioner
 23921 | Abyss:2  | Noticed a starcursed mass
 23929 | Abyss:2  | Paralysed by accursed screaming for 1 turns
 24012 | Abyss:2  | Found a corrupted altar of Lugonu.
 24081 | Abyss:2  | Noticed a yellow draconian annihilator
 24091 | Abyss:2  | Killed a yellow draconian annihilator
 24096 | Abyss:2  | Found a corrupted altar of Lugonu.
 24171 | D:12     | Escaped the Abyss
 24892 | D:12     | Found a staircase to the Orcish Mines.
 25061 | D:13     | Found a gate to the Vaults.
 25482 | D:13     | Found a portal to a secret trove of treasure.
 26127 | D:14     | Reached XP level 15. HP: 129/129 MP: 23/23
 27423 | D:14     | Identified the +8 scale mail of Pragmatism {rElec Regen+
                  | Stlth+}
 27811 | D:15     | Entered Level 15 of the Dungeon
 28067 | D:15     | Found a staircase to the Depths.
 28187 | D:15     | Identified the +7 rapier of Dung {elec, rC+}
 28537 | D:15     | Noticed Azrael
 28547 | D:15     | Killed Azrael
 28547 | D:15     | Charmed Azrael
 28560 | D:15     | Reached skill level 10 in Dodging
 29282 | Snake:1  | Entered Level 1 of the Snake Pit
 30076 | Snake:1  | Reached XP level 16. HP: 79/139 MP: 12/25
 30343 | Snake:2  | Noticed Roxanne
 30631 | Snake:2  | Noticed a nagaraja
 31827 | Snake:2  | Found a shimmering altar of Xom.
 31998 | Snake:2  | Found a shimmering blue altar of Sif Muna.
 32003 | Snake:2  | Found a transporter.
 32369 | Snake:3  | Noticed Mlioglotl
 32625 | Snake:3  | Noticed a nagaraja
 33049 | Snake:2  | Killed Roxanne
 33269 | Snake:3  | Killed Mlioglotl
 33361 | Snake:3  | Identified the granite talisman "Kostymy" {SInv}
 33401 | Snake:3  | Found Neismetuch's Armour Shoppe.
 33584 | Snake:3  | Killed a nagaraja
 33733 | Snake:4  | Entered Level 4 of the Snake Pit
 33776 | Snake:4  | Found Zine Xoo's Antique Weapon Shoppe.
 33778 | Snake:4  | Identified the serpent talisman of Huun {*Corrode Fly rF+++
                  | Int+2}
 33778 | Snake:4  | Noticed Aizul
 33871 | Snake:4  | Reached XP level 17. HP: 149/149 MP: 28/28
 34072 | Snake:4  | Killed Aizul
 34073 | Snake:4  | Reached skill level 15 in Invocations
 34174 | Snake:4  | Your ally Aizul died
 34192 | Snake:4  | Your ally Azrael died
 34452 | Snake:4  | Reached skill level 5 in Throwing
 34744 | Snake:3  | Found Neismetuch's Armour Shoppe.
 35816 | Snake:4  | Noticed Vashnia
 36427 | Snake:4  | Killed Vashnia
 36692 | Snake:4  | Found Zine Xoo's Antique Weapon Shoppe.
 37008 | Snake:4  | Got a serpentine rune of Zot
 37309 | Orc:1    | Entered Level 1 of the Orcish Mines
 37360 | Orc:1    | Found Poquplui's General Store.
 37446 | Orc:1    | Found Loossin's Assorted Antiques.
 37447 | Orc:1    | Found Joresk's Armour Shoppe.
 37473 | Orc:1    | Bought a scroll of teleportation for 87 gold pieces
 37473 | Orc:1    | Bought 3 scrolls of enchant armour for 652 gold pieces
 37473 | Orc:1    | Bought a fizzy orange potion for 26 gold pieces
 37742 | Orc:1    | Noticed Jorgrun
 37757 | Orc:1    | Killed Jorgrun
 37900 | Orc:2    | Entered Level 2 of the Orcish Mines
 38266 | Orc:2    | Noticed Saint Roka
 38305 | Orc:2    | Gained mutation: Your health recovers twice as slowly from
                  | being drained. [a neqoxec]
 38743 | Orc:2    | Killed Saint Roka
 38828 | Orc:2    | Found Efeusiad's Antique Armour Shop.
 38866 | Orc:2    | Found Luemawabb's Antique Weapon Shop.
 38886 | Orc:2    | Found Jaxewedd's General Store.
 38894 | Orc:2    | Bought a scroll of teleportation for 39 gold pieces
 38894 | Orc:2    | Bought a scroll of teleportation for 39 gold pieces
 38894 | Orc:2    | Bought a scroll of identify for 26 gold pieces
 39000 | Orc:2    | Found a staircase to the Elven Halls.
 39314 | Orc:2    | Found Poakud's Jewellery Shop.
 39494 | Orc:2    | Bought a ring of protection from fire for 425 gold pieces
 39550 | Orc:1    | Bought the +1 pair of gloves "Douxe" {Will++ Int-4} for 353
                  | gold pieces
 39943 | Swamp:1  | Entered Level 1 of the Swamp
 39986 | Swamp:1  | Reached XP level 18. HP: 154/162 MP: 26/29
 40227 | Swamp:1  | Noticed Frances
 40243 | Swamp:1  | Killed Frances
 40243 | Swamp:1  | Charmed Frances
 40639 | Swamp:2  | Identified a scroll of acquirement
 40696 | Swamp:2  | Acquired a +4 bardiche of venom
 41660 | Swamp:3  | Found a broken altar of Ashenzari.
 42003 | Swamp:4  | Entered Level 4 of the Swamp
 42003 | Swamp:4  | Noticed Bai Suzhen
 42295 | Swamp:4  | Reached skill level 15 in Dodging
 42316 | Swamp:4  | Killed Bai Suzhen
 42624 | Swamp:4  | Your ally Frances died
 42639 | Swamp:4  | Reached XP level 19. HP: 117/172 MP: 11/30
 42827 | Swamp:4  | Found a shimmering altar of Xom.
 42970 | Swamp:4  | Got a decaying rune of Zot
 43114 | Swamp:4  | Found a shimmering altar of Xom.
 43785 | Vaults:1 | Entered Level 1 of the Vaults
 46422 | Vaults:2 | Reached XP level 20. HP: 84/182 MP: 15/32
 47022 | Vaults:2 | ME AND THE (UNDEAD) BOYS
 47183 | Vaults:2 | Noticed Margery
 47196 | Vaults:2 | Killed Margery
 47392 | Vaults:2 | Paralysed by a formless jellyfish for 1 turns
 47875 | Vaults:3 | Reached skill level 10 in Armour
 47904 | Vaults:3 | Found a magical portal.
 47909 | WizLab   | Entered Zonguldrok's Shrine
 48342 | WizLab   | Noticed an antique champion
 48342 | WizLab   | Noticed an antique champion
 48382 | WizLab   | Killed an antique champion
 48604 | WizLab   | Killed an antique champion
 48628 | WizLab   | Got Tequhoed's Grimoire of Lamentation
 48720 | Vaults:3 | Acquired 1103 gold pieces
 49410 | Vaults:3 | You fall into a shaft and drop 1 floor!
 49436 | Vaults:4 | Noticed Zenata
 49438 | Vaults:4 | Reached XP level 21. HP: 191/191 MP: 33/33
 49777 | Vaults:3 | Found a staircase to the Crypt.
 50674 | Vaults:4 | Killed Zenata
 50674 | Vaults:4 | Charmed Zenata
 51373 | Vaults:4 | Identified the +0 buckler of Natasown {Dex+5 SInv Stlth-}
 51575 | Vaults:4 | Noticed Boris
 51582 | Vaults:4 | Killed Boris
 51876 | Vaults:4 | Identified the ring of the Endless Expanse {rElec rPois rC+
                  | Str+6 Slay-2}
 52156 | Depths:1 | Entered Level 1 of the Depths
 52585 | Depths:1 | Reached XP level 22. HP: 202/202 MP: 34/34
 52596 | Depths:1 | Found a gateway to Hell.
 52647 | Depths:1 | Found a blossoming altar of Fedhas.
 52669 | Depths:1 | Found a one-way gateway to a ziggurat.
 52899 | Depths:1 | Noticed Boris
 52915 | Depths:1 | Killed Boris
 52986 | Depths:1 | Found a one-way gate leading to the halls of Pandemonium.
 53520 | Depths:1 | Reached skill level 10 in Evocations
 54069 | Depths:2 | Noticed a caustic shrike
 54074 | Depths:2 | Killed a caustic shrike
 54110 | Depths:2 | Identified the +7 quarterstaff of the Lies {heavy, rPois
                  | Str-5 Dex+6}
 54458 | Depths:2 | Noticed a caustic shrike
 54470 | Depths:2 | Killed a caustic shrike
 54566 | Depths:2 | Noticed a caustic shrike
 54567 | Depths:2 | Noticed a caustic shrike
 54568 | Depths:2 | Noticed a caustic shrike
 54572 | Depths:2 | Noticed a caustic shrike
 54627 | Depths:2 | Identified the +6 rapier of Ragnarok {vamp, rElec Will+
                  | Str+2}
 54809 | Depths:2 | Killed a caustic shrike
 54812 | Depths:2 | Killed a caustic shrike
 54813 | Depths:2 | Killed a caustic shrike
 54816 | Depths:2 | Killed a caustic shrike
 55123 | Depths:2 | Found a shadowy altar of Dithmenos.
 55321 | Depths:2 | Identified the +1 chain mail of Yting {rPois rF+ Will-}
 55599 | Depths:3 | Reached XP level 23. HP: 199/211 MP: 35/35
 55995 | Depths:3 | Noticed a dread lich
 55996 | Depths:3 | Killed a dread lich
 56012 | Depths:3 | Identified the +0 robe "Ceus Qyz" {SInv}
 56720 | Depths:3 | Found a one-way gate to the infinite horrors of the Abyss.
 57352 | Depths:4 | Entered Level 4 of the Depths
 57494 | Depths:4 | Found Areomuce's Distillery.
 57555 | Depths:4 | Bought a potion of heal wounds for 80 gold pieces
 57555 | Depths:4 | Bought a potion of curing for 48 gold pieces
 57555 | Depths:4 | Bought a potion of curing for 48 gold pieces
 57555 | Depths:4 | Bought a potion of might for 64 gold pieces
 57648 | Depths:4 | Found an ornate altar of the Wu Jian Council.
 57792 | Depths:4 | Noticed Boris
 57799 | Depths:4 | Killed Boris
 57918 | Depths:4 | Found a runed translucent gate.
 57918 | Depths:4 | Found a runed translucent gate.
 57918 | Depths:4 | Found a runed translucent gate.
 57920 | Depths:4 | Noticed Atiunar's ghost (master TrDe)
 58140 | Depths:4 | Identified the ring "Qolihis" {rF- rC+ Will+ Slay+2}
 58199 | Depths:4 | Reached XP level 24. HP: 223/223 MP: 34/35
 58716 | Depths:4 | Identified the +5 sling "Goblin's Peril" {elec, Str+3}
 58716 | Depths:4 | Noticed the Enchantress
 58727 | Depths:4 | Killed the Enchantress
 58923 | Depths:4 | Identified the +1 flail of Sokyne {distort, Int+3}
 58928 | Abyss:2  | Cast into level 2 of the Abyss (spriggan defender)
 58943 | Abyss:2  | Found a corrupted altar of Lugonu.
 59014 | Abyss:2  | Noticed a dread lich
 59019 | Abyss:2  | Killed a dread lich
 59141 | Depths:4 | Escaped the Abyss
 59542 | Depths:4 | Found a gate to the Realm of Zot.
 59939 | Elf:1    | Entered Level 1 of the Elven Halls
 60884 | Elf:2    | Found Soiteake's Vocational Training.
 60896 | Elf:2    | Bought a manual of Evocations for 1040 gold pieces
 60896 | Elf:2    | Bought a manual of Invocations for 1040 gold pieces
 61044 | Elf:2    | Found a runed translucent gate.
 61045 | Elf:2    | Found a runed translucent gate.
 61045 | Elf:2    | Found a runed translucent gate.
 61107 | Elf:2    | Paralysed by an air elemental for 1 turns
 61304 | Elf:2    | Identified the +7 long sword of the Ageless Wishes {heavy,
                  | rC+ Str+3}
 61312 | Elf:2    | Found Saamok's Antique Weapon Emporium.
 61429 | Elf:2    | Identified the +6 rapier "Cec Oczi" {drain, *Slow rElec rF+
                  | rC+}
 61913 | Elf:2    | Reached XP level 25. HP: 232/232 MP: 35/35
 62163 | Elf:3    | Entered Level 3 of the Elven Halls
 62215 | Elf:3    | Reached skill level 27 in Fighting
 62529 | Elf:3    | Found a shimmering blue altar of Sif Muna.
 63344 | Elf:3    | Identified the +8 war axe of the Common Good {elec, rC+++
                  | rN+++ Will- rCorr}
 63353 | Elf:3    | Identified the +10 great sword "Rahoff" {heavy, Fly rC++
                  | rN+ rCorr}
 63393 | Elf:3    | Identified the ring "Withido" {Fly rF- rC- Str+9 Slay+5}
 63508 | Elf:3    | Identified the staff of the New World {rElec Str+2 Earth}
 63512 | Elf:3    | Identified the staff "Xigaas" {rC+ SInv Ice Air}
 63522 | Elf:3    | Identified the staff of Calamity {rF++ rC+ Str+3 Int-5 Ice}
 63531 | Elf:3    | Identified the staff "Ogreslayer" {rF+ rC+ Fire Air}
 63587 | Elf:3    | Got the Teachings on Galvanic Obstruction
 63593 | Elf:3    | Identified the +4 storm dragon scales of Bitterness {rElec
                  | Str+4 Int+2}
 64356 | Vaults:5 | Entered Level 5 of the Vaults
 64400 | Vaults:5 | Noticed an ancient lich
 64403 | Vaults:5 | Killed an ancient lich
 64477 | Vaults:5 | Noticed Boris
 64488 | Vaults:5 | Killed Boris
 64733 | Vaults:5 | Found Norrown's Antique Weapon Shop.
 64819 | Vaults:5 | Identified the +3 hand axe of Embarrassment {antimagic,
                  | rPois rC++ rN+ Dex-3}
 64829 | Vaults:5 | Reached XP level 26. HP: 229/242 MP: 36/36
 64915 | Vaults:5 | Your ally Zenata died
 65149 | Vaults:5 | Reached skill level 15 in Evocations
 65230 | Vaults:5 | Got a silver rune of Zot
 65321 | Vaults:5 | Noticed an ancient lich
 65329 | Vaults:5 | Killed an ancient lich
 66081 | Vaults:5 | Got the Cyclopedia of the Pyre and Attacks
 66170 | Vaults:5 | Got the Catalogue of Hail
 66559 | Vaults:5 | Found Norrown's Antique Weapon Shop.
 67576 | Crypt:1  | Entered Level 1 of the Crypt
 68774 | Crypt:2  | Found a runed translucent door.
 68775 | Crypt:2  | Noticed Juymismo's ghost (legendary GrBe)
 68775 | Crypt:2  | Found the +10 zealot's sword {holy, Zealotry, *Rage rN+
                  | EV+3}
 68894 | Crypt:3  | Entered Level 3 of the Crypt
 68917 | Crypt:2  | Found an ancient bone altar of Kikubaaqudgha.
 68922 | Crypt:2  | Reached skill level 15 in Armour
 69121 | Crypt:3  | Reached skill level 27 in Dodging
 69147 | Crypt:3  | Noticed Xtahua
 69162 | Crypt:3  | Killed Xtahua
 69616 | Crypt:3  | Identified the +10 demon whip of the Healing Hawk {freeze,
                  | rPois Will+ rCorr Str+2}
 69810 | Crypt:3  | Found a staircase to the Tomb.
 69907 | Crypt:3  | Found an ancient bone altar of Kikubaaqudgha.
 69909 | Crypt:3  | Noticed a dread lich
 69916 | Crypt:3  | Killed a dread lich
 69929 | Crypt:3  | Noticed an ancient lich
 69933 | Crypt:3  | Killed an ancient lich
 69934 | Crypt:3  | Reached XP level 27. HP: 249/249 MP: 37/37
 69946 | Crypt:3  | Identified the +0 leather armour of Curiosity {-Tele MP+9
                  | Str+3 Dex+6}
 69958 | Crypt:3  | Noticed a dread lich
 69965 | Crypt:3  | Killed a dread lich
 70093 | Crypt:3  | Your ally Xtahua died
 70632 | Crypt:3  | Identified the staff "Negoessy" {rC+ Int+2 Dex-4 Ice Earth}
 70770 | Crypt:3  | Found the +8 orange crystal plate armour {Archmagi, Int+3
                  | Clar}
 71130 | D:13     | You paid a toll of a +10 demon whip to enter a treasure
                  | trove
 71131 | Trove    | Entered a treasure trove
 71144 | Trove    | Identified the +7 quarterstaff of Darkness {holy, Str+5}
 71151 | Trove    | Identified the +0 demon trident "Jellyslayer" {pain, rElec}
 71154 | Trove    | Identified the +9 battleaxe of Nusegocu {chaos, rElec
                  | Dex+5}
 71158 | Trove    | Identified the +8 halberd of Dried Tears {protect, Fly
                  | rElec rF+ Dex+3}
 72226 | Zot:1    | Entered Level 1 of the Realm of Zot
 72340 | Zot:1    | Noticed an orb of fire
 72358 | Zot:1    | Killed an orb of fire
 73094 | Zot:1    | Noticed Parghit
 73109 | Zot:1    | Killed Parghit
 73109 | Zot:1    | Charmed Parghit
 74378 | Zot:2    | Found Qiution's CLEARANCE SALE!.
 74383 | Zot:2    | Bought a potion of haste for 40 gold pieces
 74383 | Zot:2    | Bought a wand of roots (4) for 38 gold pieces
 74459 | Zot:2    | Identified the +2 robe of Contentment {Dex+3}
 74587 | Zot:2    | Reached skill level 5 in Stealth
 75877 | Zot:3    | Noticed an orb of fire
 75990 | Zot:2    | Killed an orb of fire
 76045 | Zot:3    | Acquired a manual of Throwing
 76079 | Zot:3    | Identified the +5 mace of Tension {flame, rN++}
 76142 | Zot:3    | Found a transporter.
 76155 | Zot:3    | Found a transporter.
 76376 | Zot:3    | Noticed a dread lich
 76409 | Zot:3    | Noticed Lioda's ghost (legendary MiBe)
 76409 | Zot:3    | Noticed an ancient lich
 76473 | Zot:3    | Got Sudetuej's Anthology of The Black Sun
 77090 | Zot:4    | Found the +5 moon troll leather armour {Spirit, Regen++
                  | MP+5}
 77290 | Zot:4    | Found a glowing silver altar of Zin.
 77291 | Zot:4    | Found a shimmering altar of Xom.
 77291 | Zot:4    | Found a shimmering altar of Xom.
 77291 | Zot:4    | Found a shimmering altar of Xom.
 77762 | Zot:4    | Reached skill level 10 in Throwing
 77947 | Zot:5    | Entered Level 5 of the Realm of Zot
 78764 | Zot:5    | Noticed an ancient lich
 78771 | Zot:5    | Killed an ancient lich
 79367 | Zot:5    | Noticed an ancient lich
 79391 | Zot:5    | Killed an ancient lich
 79833 | Zot:5    | Noticed an orb of fire
 79847 | Zot:5    | Gained mutation: Your spells are a little easier to cast,
                  | but a little less powerful. [an orb of fire]
 79848 | Zot:5    | Killed an orb of fire
 79903 | Zot:5    | Noticed an ancient lich
 79903 | Zot:5    | Noticed an orb of fire
 79905 | Zot:5    | Killed an ancient lich
 79912 | Zot:5    | Gained mutation: You are frail. (-10% HP) [mutagenic glow]
 79918 | Zot:5    | Killed an orb of fire
 79922 | Zot:5    | Reached skill level 27 in Polearms
 79926 | Zot:5    | Gained mutation: You are dopey. (Int -2) [mutagenic glow]
 79945 | Zot:5    | Gained mutation: Potions are less effective at restoring
                  | your health. [mutagenic glow]
 80070 | Zot:5    | Lost mutation: You are dopey. (Int -2) [potion of mutation]
 80070 | Zot:5    | Lost mutation: Your spells are a little easier to cast, but
                  | a little less powerful. [potion of mutation]
 80070 | Zot:5    | Lost mutation: Potions are less effective at restoring your
                  | health. [potion of mutation]
 80070 | Zot:5    | Gained mutation: You are very frail. (-20% HP) [potion of
                  | mutation]
 80070 | Zot:5    | Gained mutation: You possess an exceptional clarity of
                  | mind. [potion of mutation]
 80071 | Zot:5    | Lost mutation: You possess an exceptional clarity of mind.
                  | [potion of mutation]
 80071 | Zot:5    | Lost mutation: Your health recovers twice as slowly from
                  | being drained. [potion of mutation]
 80071 | Zot:5    | Gained mutation: You have sharp fingernails. [potion of
                  | mutation]
 80071 | Zot:5    | Gained mutation: You have hidden genetic potential. [potion
                  | of mutation]
 80072 | Zot:5    | Lost mutation: You have hidden genetic potential. [potion
                  | of mutation]
 80072 | Zot:5    | Lost mutation: You have sharp fingernails. [potion of
                  | mutation]
 80072 | Zot:5    | Lost mutation: You are very frail. (-20% HP) [potion of
                  | mutation]
 80072 | Zot:5    | Lost mutation: You are frail. (-10% HP) [potion of
                  | mutation]
 80072 | Zot:5    | Gained mutation: You possess an exceptional clarity of
                  | mind. [potion of mutation]
 81205 | Zot:5    | Got the Orb of Zot
 81483 | Depths:3 | Noticed Ometh the pandemonium lord
 81492 | Depths:3 | Killed Ometh the pandemonium lord
 81533 | Depths:2 | Noticed Rerch the pandemonium lord
 81679 | D:15     | Noticed a seraph
 81682 | D:15     | Killed a seraph
 81953 | D:3      | Noticed Natasha
 81954 | D:3      | Killed Natasha
 82163 | D:1      | Noticed Fusus the pandemonium lord
 82175 | D:1      | Killed Fusus the pandemonium lord
 82210 | D:$      | Escaped with the Orb!

Illustrated notes

Z.......#
######### #
###### ##
#######.....
.## #.Z....)##
..# #...#ZZZZ#
..# #.Z###ZZZ##
.# ..#
#Z.###ZZZZ#...#
.##
#"##.##@ZZZ...#
##
#..ZZZZZ##Z##.#
# #..Z#ZZZZ# #
# #..###ZZZ## #
#..###ZZZ.#.. #
#.##Z##......
###
#..ZZ...##.##.#
..##
#ZZ.#Z...###
.#.##
#..###...## .#


Turn 47022 on Vaults:2: ME AND THE (UNDEAD) BOYS

Levels and vault maps discovered:
D:1:      minmay_arrival_four_houses, layout_basic
D:2:      layout_basic, dreamdust_ecumenical_altar_grove
D:3:      layout_rooms, uniq_natasha, uniq_sigmund, uniq_crazy_yiuf_cottage,
          uniq_terence
D:4:      layout_basic, uniq_ijyb
D:5:      layout_basic, makhleb_blood_cavern_becter, amcnicky_altar_gilded,
          uniq_duvessa, uniq_menkaure, uniq_eustachio
D:6:      layout_basic, ebering_ghost_sewer_f, serial_shops, shop,
          nicolae_kite_square_tiling_tiny, minmay_fractal_squares_5
D:7:      layout_basic, lemuel_doored_altar, zin_academy, lemuel_round_altar,
          nicolae_kikubaaqudgha_miasma_corner, temple_pool_b, uniq_joseph,
          uniq_pikel
D:8:      layout_loops_corners, nemelex_diamond_rough_becter,
          nicolae_overflow_squiral, hellmonk_lair_entry_icy,
          amcnicky_mini_pool_small, dreamdust_mushroom_princess,
          minmay_fractal_squares_diagonal_5
D:9:      layout_roguey [special_room_orc], lemuel_crystal_altar, st_stairs_1,
          hangedman_misty_isle
D:10:     layout_loops_corners, chei_slow_surprise, lightli_temple_of_fire,
          kennysheep_mini_moat
D:11:     layout_gridville, minmay_misc_feat_rows, minmay_misc_feat_encased
D:12:     minmay_bloctagon_deflated, layout_rooms, erik_orc_2, serial_curves,
          eino_curves_01, eino_curves_04, minmay_misc_feat_tiny
D:13:     layout_long_grid, hellmonk_vaults_order_and_chaos, enter_trove_6
D:14:     layout_cave_pools, hangedman_tell_no_tales
D:15:     hangedman_depths_entry_civil_slaughter, layout_stronghold,
          nicolae_titane, einodemon_crawler_minivault, uniq_azrael
Temple:   kb_temple_of_zot
Lair:1:   layout_long_grid, evilmike_ambush [evilmike_ambush_outer_basic,
          evilmike_ambush_inner_pond], serial_bayou_shore_a,
          serial_bayou_shore_b
Lair:2:   layout_small_grid, palyth_hydra_swamp_entry
Lair:3:   layout_regular_city, dummy_snake_entry, minivault_19
Lair:4:   layout_loops_ring, slime_entry_1, infiniplex_staircase_pool,
          serial_bayou_shore_b
Lair:5:   evilmike_catoblepas_cave, layout_regular_city,
          nicolae_volcano_entry_s_turn, lemuel_fruit_tree, uniq_josephine
Swamp:1:  layout_basic_swamp, evilmike_swamp_ruin_house_4, swamp_pool_1_2,
          uniq_frances
Swamp:2:  layout_falls_marsh, nicolae_swamp_trees_clearing
Swamp:3:  nicolae_swamp_phyte_club, layout_basic_swamp,
          evilmike_swamp_ruin_wall, swamp_pool_5, nicolae_swamp_godswood
Swamp:4:  swamp, layout_basic_swamp, swamp_pool_3, basic_altar,
          nicolae_swamp_tree_isthmus, infiniplex_staircase_pool_2,
          uniq_bai_suzhen
Snake:1:  layout_gridlike
Snake:2:  gammafunk_sealed_library, layout_rooms, basic_altar,
          nicolae_snake_salamander_jacuzzi, uniq_roxanne
Snake:3:  layout_rooms, serial_shops, nicolae_shop_pleasant_corner_grove,
          uniq_mlioglotl
Snake:4:  grunt_snake_rune_serpentine_throne, layout_grid_shapes, serial_shops,
          shop, uniq_aizul, uniq_vashnia
Orc:1:    layout_caves, serial_shops, nicolae_square_shop, shop, shop,
          nicolae_shop_peninsula, nicolae_shop_pleasant_corner_grove,
          uniq_jorgrun
Orc:2:    grunt_orc_cross, layout_caves
Elf:1:    eino_elf_arrival_shootout, layout_gridlike, serial_glass,
          glass_columns_b, glass_columns_c, hangedman_elf_disciples,
          minmay_misc_feat_diagonals
Elf:2:    nicolae_elf_blades_crystal_corner, layout_loops_corners, serial_glass,
          glass_columns_a, glass_columns_a, serial_shops, shop, abandoned_shop,
          grunt_ministairs_11, nicolae_shop_vocational
Elf:3:    minmay_elf_hall_hex, layout_geoelf_octagon, basic_altar
Vaults:1: nicolae_vaults_surprise_closet, nicolae_vaults_offset_grid_hallway_4,
          vaults_room_ringed_pool, nicolae_vaults_closet_pinwheel_5, st_cross,
          hangedman_vaults_restitches, nicolae_vaults_diamond_1,
          grunt_vaults_hallway_short, vaults_room_door_hall,
          vaults_dpeg_diagonal, ontoclasm_vaults_ring_square,
          nicolae_vaults_apartment_2, hangedman_vaults_cutoff,
          nicolae_vaults_house_1, vaults_dpeg_encased_lava,
          layout_vaults_big_cross
Vaults:2: nicolae_vaults_border_crossing, nicolae_vaults_house_2,
          vaults_mumra_lcd, ontoclasm_vaults_claustrophobia, v_misc_2,
          vaults_mumra_bighexcomb, nicolae_vaults_little_squares_3,
          hangedman_vaults_hat, nicolae_vaults_spaceships,
          nicolae_vaults_diagonal_hallway_6, nicolae_vaults_alarming,
          ontoclasm_vaults_spin, ontoclasm_vaults_ring_small,
          nicolae_vaults_little_squares_5, layout_vaults_maze, uniq_margery
Vaults:3: mu_enter_wizlab_1, v_rooms_1, nicolae_vaults_hallways_thing,
          nicolae_vaults_network_quinsquares
          [nicolae_vaults_network_quincunx_subvault,
          nicolae_vaults_network_quincunx_subvault,
          nicolae_vaults_network_quincunx_subvault,
          nicolae_vaults_network_quincunx_subvault],
          minmay_crypt_entry_simple_box, ontoclasm_vaults_idyll, v_misc_11,
          hangedman_vaults_stretched_pinwheel, v_rooms_4, v_misc_9,
          nicolae_vaults_sesquioval_fish, nicolae_vaults_hexular_roomagon,
          nicolae_vaults_little_squares_1, layout_vaults_ring
Vaults:4: nicolae_vaults_shrinking_rooms_2, nicolae_vaults_frosty_reception,
          nicolae_vaults_offset_grid_hallway_2,
          nicolae_vaults_oval_intersection, v_misc_16, ontoclasm_vaults_eye,
          nicolae_vaults_antechamber_and_loot_room, hangedman_vaults_stitches,
          nicolae_vaults_closet_pinwheel_6, v_misc_11, vaults_room_pool,
          layout_vaults_big_room, uniq_boris, uniq_zenata
Vaults:5
Crypt:1:  layout_rooms, serial_corexii_hall, chequers_hall_statues_corner_a,
          chequers_hall_statues_y, chequers_hall_statues_corner_a,
          corexii_hall_statues_i, grunt_ministairs_9, nicolae_crypt_tucked_away
Crypt:2:  layout_rooms, gammafunk_ghost_grave, lemuel_upstairs_altar
Crypt:3:  quadcrypt_mu, uniq_xtahua
Depths:1: layout_basic, enter_ziggurat_e, grunt_pan_entry_sceptre,
          pf_hell_entry_tar_river, hex_medium, fedhas_altar_3
Depths:2: minmay_four_inscribed_fans, layout_gridlike, fountainhead,
          grunt_mini_vestibule, pan_entry,
          nicolae_dithmenos_through_a_glass_darkly, firewood_loft
Depths:3: bobbens_index_wilting_gardens, layout_basic, abyss_entry,
          grunt_hell_entry_dis_mu, minmay_metal_thing
Depths:4: lemuel_castle_with_subvaults [lemuel_castle_interior_carwin_1],
          layout_twisted_cross, serial_shops, shop_statue, hangedman_geh_valley,
          biasface_ghost_demon_polymorph, nzn_wu_jian_council_hall,
          nrook_mini_vaults, serial_sigils_hangedman_stare,
          serial_bayou_lagoon_a, item_on_display_a, uniq_enchantress
Zot:1:    layout_misc_corridors, grunt_megastairs_4,
          regret_index_zotdec_banners, uniq_parghit
Zot:2:    lemuel_firehouse, layout_concentric_octagons, nicolae_shop_clearance
Zot:3:    dreamdust_black_sun_cult, layout_gridville,
          gammafunk_ghost_abyssal_escape
Zot:4:    dreamdust_zin_vs_xom, layout_misc_corridors, bh_zot_levy_curve,
          grunt_ministairs_2
Zot:5:    layout_cathedral_of_symmetry

Skill      XL: |  1  2  3  4  5  6  7  8  9 10 11 12 13 14 15 16 17 18 19 20 21 22 23 24 25 26 27 |
---------------+----------------------------------------------------------------------------------+-----
Polearms       | 5 6 7 9 11 14 15 16 18 19 20 22 23 24 27 | 27.0
Fighting       | 3 4 7 10 12 14 15 16 18 20 21 22 23 24 25 26 27 | 27.0
Stealth        | 1 7 |  7.1
Invocations    | 3 7 10 11 13 14 15 16 17 19 20 21 | 21.8
Armour         | 2 4 5 6 8 9 10 11 12 13 15 20 | 20.2
Evocations     | 2 5 6 8 9 10 12 14 16 17 | 17.6
Dodging        | 6 8 11 13 14 15 16 17 18 20 22 23 25 27 | 27.0
Throwing       | 5 6 10 | 10.0

Action                     |  1- 3 |  4- 6 |  7- 9 | 10-12 | 13-15 | 16-18 | 19-21 | 22-24 | 25-27 || total
---------------------------+-------+-------+-------+-------+-------+-------+-------+-------+-------++-------
  Melee: Trident           |   115 |   143 |   262 |       |       |       |       |       |       ||   520
         Punch             |       |     1 |     2 |       |       |       |       |       |       ||     3
         Unarmed           |       |       |    19 |       |       |       |       |       |       ||    19
         Halberd           |       |       |   122 |   589 |       |       |       |       |       ||   711
         Glaive            |       |       |       |    26 |   806 |   749 |       |       |       ||  1581
         Bardiche          |       |       |       |       |       |   178 |   745 |   717 |  1383 ||  3023
         Tailslap          |       |       |       |       |       |     8 |       |     1 |     1 ||    10
  Throw: Javelin           |     7 |     4 |     3 |       |       |     2 |       |       |       ||    16
         Throwing net      |     4 |     2 |       |     1 |     3 |     2 |       |     1 |       ||    13
         Stone             |       |    15 |    15 |    13 |       |       |       |       |       ||    43
         Dart              |       |       |    41 |    27 |    32 |    19 |       |       |     5 ||   124
         Boomerang         |       |       |       |     3 |     1 |       |       |       |       ||     4
 Invoke: Recall Undead Har |       |       |       |     2 |     9 |    24 |    13 |    22 |    68 ||   138
         Dark Bargain      |       |       |       |     1 |       |     1 |       |       |       ||     2
         Bind Soul         |       |       |       |       |     2 |     1 |     3 |       |     1 ||     7
         Drain Life        |       |       |       |       |     1 |     1 |       |     1 |       ||     3
  Evoke: Wand              |       |       |    10 |     2 |    12 |    23 |    14 |     2 |    10 ||    73
         Phial of floods   |       |       |       |       |       |     2 |     1 |       |     1 ||     4
    Use: Potion            |       |     4 |       |       |    10 |     1 |     5 |     1 |    27 ||    48
         Scroll            |       |       |     9 |    11 |    13 |    17 |    12 |     2 |    18 ||    82
   Stab: Held in net/web   |     2 |       |       |     3 |     1 |     1 |       |       |       ||     7
         Paralysed         |       |       |     6 |       |     7 |     4 |       |       |       ||    17
         Distracted        |       |       |       |     6 |    10 |    13 |    21 |    30 |    49 ||   129
         Invisible         |       |       |       |     2 |       |       |     1 |       |     5 ||     8
         Sleeping          |       |       |       |       |       |       |       |     2 |       ||     2
 Armour: Leather armour    |     7 |       |       |       |    95 |       |       |       |       ||   102
         Ring mail         |    36 |    21 |       |       |       |       |       |       |       ||    57
         Chain mail        |       |    36 |   120 |       |       |       |       |       |       ||   156
         Skin              |       |       |     4 |       |       |       |       |       |       ||     4
         Plate armour      |       |       |    57 |   314 |   281 |       |       |       |       ||   652
         Scale mail        |       |       |       |       |   113 |   606 |   496 |   329 |   240 ||  1784
         Crystal plate arm |       |       |       |       |       |       |       |       |   351 ||   351
  Dodge: Dodged            |    48 |    87 |   114 |   189 |   262 |   478 |   363 |   203 |   463 ||  2207
  Block: Other             |       |       |       |       |       |       |       |    41 |    98 ||   139
         Reflection        |       |       |       |       |       |       |       |     6 |     9 ||    15

Table legend: (Time is in decaauts)
 A = Elapsed time spent in this place.
 B = Non-inter-level travel time spent in this place.
 C = Inter-level travel time spent in this place.
 D = Time resting spent in this place.
 E = Time spent auto-exploring this place.
 F = Levels seen in this place.
 G = Mean time per level.
                   A        B        C        D        E       F      G
               +--------+--------+--------+--------+--------+-----+--------+
         Total |  80041 |  71881 |   8160 |  18102 |  32189 |  55 | 1455.3 |
       Dungeon |  23518 |  20341 |   3177 |   5681 |   7839 |  15 | 1567.9 |
        Temple |    108 |    108 |      0 |      0 |     95 |   1 |  108.0 |
          Lair |   6381 |   5588 |    793 |   1057 |   3397 |   5 | 1276.2 |
         Swamp |   3154 |   2974 |    180 |    383 |   1746 |   4 |  788.5 |
     Snake Pit |   7789 |   7106 |    683 |   2841 |   2538 |   4 | 1947.2 |
  Orcish Mines |   2324 |   1961 |    363 |    365 |    889 |   2 | 1162.0 |
   Elven Halls |   3973 |   3806 |    167 |    474 |   2109 |   3 | 1324.3 |
        Vaults |  10929 |   9537 |   1392 |   1549 |   5007 |   5 | 2185.8 |
         Crypt |   3522 |   3057 |    465 |    514 |   1614 |   3 | 1174.0 |
        Depths |   7360 |   6818 |    542 |   1634 |   3225 |   4 | 1840.0 |
           Zot |   8914 |   8520 |    394 |   2633 |   3658 |   5 | 1782.8 |
         Abyss |   1229 |   1229 |      0 |    700 |      0 |   2 |  614.5 |
         Trove |     49 |     49 |      0 |      0 |      0 |   1 |   49.0 |
        Wizlab |    786 |    786 |      0 |    266 |     69 |   1 |  786.0 |
               +--------+--------+--------+--------+--------+-----+--------+

Top non-repeatable levels by time:
   Zot:5: 3107 daAuts
Vaults:5: 3027 daAuts
 Snake:4: 2544 daAuts
    D:13: 2425 daAuts
Vaults:2: 2280 daAuts
Vaults:3: 2125 daAuts
     D:4: 2110 daAuts
 Crypt:3: 2103 daAuts
Depths:2: 2048 daAuts
Depths:4: 2047 daAuts
Depths:3: 2036 daAuts
 Snake:1: 2008 daAuts
   Zot:1: 1950 daAuts
 Snake:2: 1944 daAuts
     D:5: 1908 daAuts
